Map: Romanticide LE

Players

GunGFuBanDa - Winner!

  • Race: Protoss Protoss

Harstem

  • Race: Protoss Protoss

Event: DreamHack SC2 Masters 2021 Fall

VOD

Have the link to the VOD?

Description

Time

  • Played on: Aug. 3, 2021, 12:21 p.m.
  • Length: 12:26

All games in this series

Show
View Real Time Build Order
Export as new Build Order

GunGFuBanDa Protoss - Winner!

Build Orders: Blink Stalkers 

Get SALT Encoding   

  12  0:00  Probe  
  13  0:12  Probe  
  14  0:17  Pylon  
  14  0:24  Probe (Chrono Boost)  
  15  0:36  Probe (Chrono Boost)  
  15  0:37  Gateway  
  16  0:44  Probe (Chrono Boost)  
  16  0:46  Assimilator  
  17  0:51  Probe  
  18  0:57  Assimilator  
  18  1:03  Probe (Chrono Boost)  
  20  1:12  Probe (Chrono Boost)  
  20  1:13  Gateway  
  20  1:17  Probe (Chrono Boost)  
  21  1:27  Cybernetics Core  
  21  1:30  Probe  
  22  1:36  Pylon  
  22  1:42  Probe  
  23  1:54  Probe  
  24  2:04  Sentry, Stalker, Warp Gate  
  28  2:10  Probe  
  28  2:13  Pylon  
  29  2:24  Probe  
  30  2:35  Stalker  
  30  2:36  Stalker  
  34  2:53  Nexus  
  33  3:04  Probe  
  34  3:13  Shield Battery  
  34  3:14  Twilight Council  
  34  3:16  Probe (Chrono Boost)  
  35  3:28  Pylon, Probe (Chrono Boost)  
  36  3:36  Probe (Chrono Boost)  
  37  3:41  Forge  
  37  3:43  Probe (Chrono Boost)  
  38  3:49  Blink (Chrono Boost)  
  38  3:54  Sentry  
  38  3:55  Probe (Chrono Boost)  
  41  4:01  Sentry, Probe (Chrono Boost)  
  44  4:07  Probe (Chrono Boost)  
  46  4:13  Protoss Ground Weapons Level 1 (Chrono Boost)  
  46  4:15  Probe (Chrono Boost)  
  46  4:17  Probe (Chrono Boost)  
  47  4:21  Probe (Chrono Boost)  
  47  4:22  Probe (Chrono Boost)  
  47  4:31  Stalker x2  
  47  4:33  Probe  
  52  4:42  Probe  
  50  4:45  Probe  
  50  4:54  Probe  
  50  4:56  Stalker  
  50  4:57  Nexus  
  53  5:00  Stalker  
  53  5:03  Probe  
  53  5:06  Probe  
  57  5:07  Pylon  
  57  5:12  Robotics Facility  
  57  5:18  Probe x2  
  57  5:21  Assimilator  
  59  5:30  Stalker x2  
  59  5:31  Probe  
  59  5:33  Shield Battery, Probe  
  65  5:47  Probe x2  
  66  5:54  Gateway  
  66  5:55  Gateway  
  66  5:56  Stalker  
  68  5:58  Stalker  
  68  6:01  Probe  
  70  6:08  Probe  
  70  6:09  Protoss Ground Weapons Level 2 (Chrono Boost)  
  70  6:10  Probe  
  70  6:15  Probe (Chrono Boost)  
  70  6:18  Observer  
  72  6:22  Probe (Chrono Boost)  
  74  6:27  Probe (Chrono Boost)  
  74  6:32  Probe (Chrono Boost)  
  76  6:33  Probe (Chrono Boost)  
  76  6:34  Pylon  
  76  6:36  Probe (Chrono Boost)  
  76  6:37  Pylon  
  76  6:39  Immortal  
  82  6:42  Probe x3 (Chrono Boost)  
  84  6:50  Probe, Robotics Bay  
  84  6:52  Assimilator, Probe x2  
  87  6:56  Assimilator  
  87  7:03  Probe  
  87  7:05  Probe  
  89  7:09  Gateway x2  
  89  7:10  Probe  
  89  7:16  Stalker x2, Probe  
  89  7:17  Stalker x2  
  89  7:21  Observer  
  99  7:25  Pylon  
  99  7:27  Charge  
  99  7:30  Photon Cannon, Gateway  
  99  7:32  Gateway  
  99  7:41  Pylon  
  99  7:43  Disruptor (Chrono Boost)  
  102  7:52  Assimilator  
  102  7:54  Pylon  
  102  7:55  Pylon  
  102  8:00  Stalker x4  
  110  8:12  Disruptor  
  113  8:20  Pylon, Protoss Ground Weapons Level 3 (Chrono Boost)  
  113  8:21  Zealot  
  113  8:25  Nexus  
  113  8:38  Stalker x6  
  113  8:39  Stalker  
  121  8:50  Probe  
  116  8:59  Disruptor (Chrono Boost)  
  117  9:07  Photon Cannon  
  117  9:09  Shield Battery, Stalker  
  119  9:10  Stalker x6  
  131  9:20  Photon Cannon  
  131  9:23  Pylon  
  131  9:26  Shield Battery  
  131  9:28  Disruptor (Chrono Boost)  
  131  9:29  Pylon  
  131  9:34  Stalker x2  
  131  9:35  Stalker  
  140  9:42  Zealot x2  
  140  9:43  Zealot  
  144  9:47  Dark Shrine  
  144  9:48  Probe  
  144  9:52  Probe  
  146  9:57  Disruptor (Chrono Boost)  
  145  10:04  Stalker x2  
  147  10:08  Zealot x3  
  149  10:18  Zealot x3  
  136  10:29  Disruptor (Chrono Boost)  
  123  10:55  Probe  
  123  10:56  Probe  
  120  10:57  Probe  
  120  11:01  Stalker x4  
  120  11:02  Stalker x2  
  132  11:04  Pylon  
  132  11:06  Pylon  
  132  11:08  Probe  
  132  11:09  Pylon  
  133  11:22  Probe  
  133  11:23  Observer  
  131  11:44  Stalker x6  
  131  11:45  Stalker x2  
  131  11:46  Warp Prism (Chrono Boost)  
Show
View Real Time Build Order
Export as new Build Order

Harstem Protoss 

Build Orders: Phoenix Opening, Blink Stalkers, Zealot Archon 

Get SALT Encoding   

  12  0:00  Probe  
  13  0:12  Probe  
  14  0:17  Pylon  
  14  0:24  Probe  
  15  0:36  Gateway  
  15  0:37  Probe (Chrono Boost)  
  16  0:47  Assimilator  
  16  0:48  Probe (Chrono Boost)  
  17  0:53  Probe (Chrono Boost)  
  17  0:56  Assimilator  
  18  1:03  Probe (Chrono Boost)  
  19  1:08  Gateway  
  19  1:13  Probe (Chrono Boost)  
  19  1:18  Probe (Chrono Boost)  
  20  1:24  Cybernetics Core  
  21  1:29  Probe  
  22  1:35  Pylon  
  22  1:41  Probe  
  23  1:56  Probe  
  23  2:00  Stalker x2, Warp Gate  
  28  2:05  Pylon  
  28  2:17  Probe  
  29  2:28  Pylon  
  29  2:30  Sentry  
  31  2:44  Nexus  
  31  2:48  Probe (Chrono Boost)  
  32  2:51  Sentry  
  35  3:00  Probe (Chrono Boost)  
  35  3:03  Pylon  
  35  3:04  Phoenix  
  35  3:05  Probe (Chrono Boost)  
  36  3:15  Probe (Chrono Boost)  
  36  3:16  Twilight Council  
  36  3:19  Sentry  
  39  3:23  Probe (Chrono Boost)  
  40  3:29  Probe  
  41  3:38  Forge  
  41  3:41  Probe  
  43  3:56  Blink (Chrono Boost), Probe (Chrono Boost)  
  43  3:57  Probe (Chrono Boost)  
  44  4:05  Stalker, Probe (Chrono Boost)  
  44  4:08  Stalker, Probe (Chrono Boost)  
  50  4:10  Probe (Chrono Boost)  
  51  4:17  Pylon, Probe  
  51  4:22  Probe  
  53  4:29  Probe  
  53  4:30  Phoenix  
  54  4:35  Probe  
  55  4:41  Probe  
  55  4:44  Stalker x2  
  60  4:46  Assimilator  
  60  4:47  Probe  
  60  4:52  Robotics Facility  
  61  4:53  Pylon, Probe  
  61  4:58  Protoss Ground Weapons Level 1 (Chrono Boost)  
  62  5:00  Adept x2  
  62  5:04  Nexus  
  62  5:11  Probe x2  
  62  5:13  Stalker  
  66  5:16  Pylon  
  66  5:19  Stalker  
  68  5:23  Probe x2  
  68  5:27  Pylon  
  70  5:35  Probe x2 (Chrono Boost)  
  72  5:39  Observer  
  72  5:40  Stalker  
  72  5:42  Stalker  
  77  5:45  Pylon, Probe (Chrono Boost)  
  77  5:46  Probe (Chrono Boost)  
  77  5:48  Charge (Chrono Boost)  
  79  5:50  Probe (Chrono Boost)  
  79  5:57  Probe  
  81  6:03  Probe (Chrono Boost)  
  82  6:09  Stalker x2, Probe (Chrono Boost)  
  87  6:16  Gateway  
  90  6:19  Gateway, Probe x2 (Chrono Boost)  
  90  6:20  Gateway  
  90  6:21  Phoenix  
  90  6:22  Gateway  
  90  6:25  Probe  
  90  6:32  Gateway  
  90  6:33  Gateway  
  90  6:38  Pylon  
  90  6:40  Nexus  
  90  6:42  Pylon  
  90  6:46  Probe  
  91  6:49  Probe  
  91  6:52  Probe  
  91  6:53  Zealot x2  
  97  6:54  Pylon  
  97  7:01  Probe x2  
  98  7:03  Assimilator  
  98  7:05  Phoenix, Probe  
  98  7:06  Assimilator  
  98  7:07  Templar Archives  
  100  7:13  Probe  
  100  7:14  Shield Battery  
  101  7:16  Stalker x4  
  101  7:18  Zealot  
  101  7:19  Protoss Ground Weapons Level 2 (Chrono Boost)  
  111  7:23  Photon Cannon  
  111  7:25  Probe  
  111  7:26  Zealot  
  114  7:30  Probe  
  114  7:34  Probe  
  114  7:35  Pylon  
  116  7:40  Observer (Chrono Boost)  
  116  7:41  Probe  
  118  7:45  High Templar  
  118  7:46  Pylon, High Templar  
  118  7:47  Zealot x4  
  118  7:50  Pylon, Archon  
  130  7:58  Probe, Warp Prism (Chrono Boost)  
  131  7:59  Probe x3  
  136  8:09  Robotics Bay  
  136  8:10  Probe  
  136  8:11  Robotics Facility, Probe  
  138  8:15  Zealot x4  
  138  8:19  Zealot x2  
  150  8:32  Stalker x2  
  152  8:45  Observer, Stalker x3  
  152  8:46  Stalker x3  
  150  8:59  Probe  
  150  9:00  Gateway  
  150  9:02  Gateway, Zealot x2  
  155  9:03  Disruptor (Chrono Boost)  
  160  9:14  Disruptor (Chrono Boost), Zealot x4  
  160  9:15  Zealot x2  
  172  9:17  Pylon, Dark Shrine  
  172  9:20  Assimilator  
  172  9:26  Pylon  
  172  9:27  Protoss Ground Weapons Level 3 (Chrono Boost)  
  172  9:28  Pylon  
  172  9:30  Nexus  
  170  9:37  Pylon  
  170  9:39  Pylon  
  170  9:48  Disruptor  
  170  9:50  Disruptor  
  176  9:53  Probe  
  176  9:54  Probe  
  176  9:56  Photon Cannon  
  176  9:58  Shield Battery  
  176  10:01  Pylon  
  176  10:06  Photon Cannon  
  176  10:08  Zealot x2  
  176  10:09  Zealot x8  
  161  10:31  Dark Templar x3  
  161  10:32  Zealot x3  
  159  10:43  Dark Templar, Zealot  
  159  10:44  Zealot x2  
  133  10:56  Probe  
  124  11:01  Probe (Chrono Boost)  
  124  11:02  Disruptor (Chrono Boost)  
  124  11:03  Disruptor (Chrono Boost)  
  119  11:07  Stalker x8  
  119  11:09  Probe (Chrono Boost)  
  119  11:11  Probe (Chrono Boost)  
  143  11:13  Nexus  
  143  11:15  Probe (Chrono Boost)  
  145  11:19  Probe (Chrono Boost)  
  137  11:31  Disruptor (Chrono Boost), Zealot x7  
  133  11:47  Disruptor (Chrono Boost)  
  133  11:49  Zealot x3  
  133  11:50  Probe  
  142  11:59  Stalker x4  
  144  12:07  Stalker x2  
  141  12:13  Dark Templar, Zealot x2  

Tags
 
Add a new tag
Caveats
  • Supply blocks, unpowered buildings, or Contaminate may cause inaccurate times.
  • Supply counts are checked every 10 seconds.